 Dungeon Crawl Stone Soup version 0.31-a0-819-gf6de2f5ab6 (webtiles) character file.

Game seed: 10136414677818618537

242 qw the Shooter (level 6, -2/38 HPs)
             Began as a Gargoyle Hunter on Sept 23, 2023.
             Killed by nerve-wracking pain
             ... invoked by an orc priest
              (5 damage)
             ... on level 4 of the Dungeon.
             The game lasted 00:01:14 (2293 turns).

qw the Shooter (Gargoyle Hunter)                    Turns: 2293, Time: 00:01:14

Health: -2/38      AC: 14    Str: 18    XL:     6   Next: 9%
Magic:  6/6        EV: 11    Int: 10    God:
Gold:   95         SH:  0    Dex: 15    Spells: 5/5 levels left

rFire   . . .        Y - +1 shortbow
rCold   . . .        (shield currently unavailable)
rNeg    + . .        g - +2 ring mail "Yliz" {Str+4 Stlth+}
rPois   inf          h - +1 helmet
rElec   +            (no cloak)
rCorr   .            (no gloves)
SInv    .            d - +0 pair of boots
Will    .....        (no amulet)
Stlth   ++           (no ring)
HPRegen 0.26/turn    (no ring)
MPRegen 0.10/turn

%: no passive effects
@: no status effects
A: sickness immunity, AC +4, negative energy resistance 1, electricity
resistance, torment resistance 1, petrification resistance
a: no special abilities


You were on level 4 of the Dungeon.
You visited 1 branch of the dungeon, and saw 4 of its levels.

You collected 95 gold pieces.


Innate Abilities, Weirdness & Mutations

You are immune to sickness and miasma.
Your stone body is resilient. (AC +4)
You are immune to poison.
You resist negative energy. (rN+)
You are resistant to electric shocks. (rElec)
You are resistant to unholy torment.
You are immune to petrification.


   Skills:
 - Level 4.2 Fighting
 + Level 6.2 Ranged Weapons
 - Level 1.0 Armour
 - Level 1.5 Dodging
 - Level 1.1 Stealth


You had 5 spell levels left.
You didn't know any spells.
Your spell library was empty.

Inventory:

Hand Weapons
 Y - a +1 shortbow (weapon)
Armour
 d - a +0 pair of boots (worn)
 g - the +2 ring mail "Yliz" (worn) {Str+4 Stlth+}
   (You found it on level 3 of the Dungeon)

   Str+4:     It affects your strength (+4).
   Stlth+:    It makes you more stealthy.
 h - a +1 helmet (worn)
Scrolls
 a - 4 scrolls of identify
Potions
 b - a potion of attraction {unknown}
 e - a potion of cancellation
 f - a potion of might

Dungeon Overview and Level Annotations

Branches:
Dungeon (4/15)
 Temple: D:4-7

Altars:
Cheibriados
Fedhas

Annotations:
D:3 2 transporters, qw's ghost, amateur GrHu


Message History

The orc priest hits you but does no damage.
You shoot an arrow. The arrow hits the orc priest!
The orc priest is severely wounded.
The orc priest mumbles some strange prayers to Beogh against you.
Beogh smites you!
The hobgoblin hits you from afar with a +0 spear.
You shoot an arrow.
The arrow closely misses the orc priest.
The orc priest hits you but does no damage.
The hobgoblin barely misses you.
You shoot an arrow. The arrow hits the orc priest.
The orc priest is almost dead.
The orc priest mumbles some strange prayers to Beogh against you.
Beogh smites you! The hobgoblin closely misses you.
You shoot an arrow. The arrow hits the orc priest.
The orc priest is almost dead.
The orc priest hits you but does no damage.
The hobgoblin barely misses you.
A ball python comes into view.
The orc priest closely misses you. The hobgoblin misses you.
You shoot an arrow. The arrow barely misses the orc priest.
The ball python hisses angrily.
The hobgoblin hits you but does no damage.
The orc priest barely misses you.
You shoot an arrow.
The arrow hits the orc priest but does no damage.
The orc priest is almost dead.
The orc priest closely misses you. The hobgoblin closely misses you.
You shoot an arrow. The arrow barely misses the orc priest.
The orc priest barely misses you. The hobgoblin closely misses you.
You shoot an arrow. The arrow hits the ball python.
You kill the ball python!
The orc priest hits you but does no damage.
The hobgoblin hits you but does no damage.
You shoot an arrow.
The arrow hits the orc priest but does no damage.
The orc priest is almost dead.
The orc priest calls down the wrath of Beogh upon you.
Pain shoots through your body!
You die...

##77777.....77777
#...:..##.###...##.....
#......##.###...#......
.#......##......#.......
.........###.##.##.......
..#......#......##.......
. #...g..#..###)##.......
#......%.......#.......
#.....@#.###.#.........
#...###...###.###%......
..## .o#.##............
.# .#.#.###<#.#.#.#.#.
.##...#............. ..
.#....#.#.#.#.#.#< #.
.................. .
......#.#.#.#.#.#.
#..#..............


You could see an orc priest and a hobgoblin.

Vanquished Creatures
  2 hounds (D:4)
  2 orc wizards (D:3)
  Robin (D:3)
  2 adders
  3 worms
  A dart slug (D:1)
  5 orcs (D:3)
  2 bats (D:2)
  4 endoplasms
  3 giant cockroaches (D:1)
  8 hobgoblins
  9 jackals
  6 kobolds
  2 quokkas (D:4)
  7 ball pythons
  5 frilled lizards
  19 goblins
  5 rats
86 creatures vanquished.

Notes
Turn   | Place    | Note
-------+----------+-------------------------------------------
     0 | D:1      | qw the Gargoyle Hunter began the quest for the Orb.
     0 | D:1      | Reached XP level 1. HP: 12/12 MP: 1/1
     0 | D:1      | 0 ||| qw: Version: 0.3-a-83-gcd0e7d8
     0 | D:1      | 0 ||| qw: Game counter: 1745
     0 | D:1      | 0 ||| qw: Melee chars always use a shield: true
     0 | D:1      | 0 ||| qw: God list: Okawaru
     0 | D:1      | 0 ||| qw: Allow faded altars: false
     0 | D:1      | 0 ||| qw: Do Orc after clearing Dungeon:15 true
     0 | D:1      | 0 ||| qw: Do second Lair branch before Depths: true
     0 | D:1      | 0 ||| qw: Lair rune preference: random
     0 | D:1      | 0 ||| qw: Goals: Normal
     0 | D:1      | 0 ||| PLANNING D:1-11
    66 | D:1      | Reached XP level 2. HP: 6/17 MP: 2/2
   331 | D:1      | Reached XP level 3. HP: 18/21 MP: 3/3
   366 | D:1      | Reached skill level 5 in Ranged Weapons
   550 | D:1      | 550 ||| READING 3 scrolls labelled PUSTEMUNLU.
   551 | D:1      | 551 ||| DROPPING scroll of butterflies.
   705 | D:2      | Found a snail-covered altar of Cheibriados.
   799 | D:2      | Reached skill level 3 in Fighting
   948 | D:2      | Found a faded altar of an unknown god.
  1256 | D:2      | 1256 ||| UPGRADING to +0 helmet.
  1261 | D:2      | 1261 ||| UPGRADING to +0 ring mail.
  1271 | D:2      | 1271 ||| DROPPING +0 leather armour.
  1272 | D:2      | 1272 ||| READING scroll labelled JUYNIXO FEXOXT.
  1273 | D:2      | 1273 ||| READING 2 scrolls labelled JEUSIMM DIRIF.
  1274 | D:2      | 1274 ||| READING scroll of enchant armour.
  1274 | D:2      | 1274 ||| ENCHANTING +0 helmet.
  1275 | D:2      | 1275 ||| READING scroll labelled OLOXERIKORCH.
  1279 | D:2      | 1279 ||| READING scroll labelled DUHICR PYGOC.
  1280 | D:2      | 1280 ||| READING 4 scrolls of identify.
  1280 | D:2      | 1280 ||| IDENTIFYING silvery potion
  1281 | D:2      | 1281 ||| READING 3 scrolls of identify.
  1281 | D:2      | 1281 ||| IDENTIFYING amethyst potion
  1282 | D:2      | 1282 ||| READING 2 scrolls of identify.
  1282 | D:2      | 1282 ||| IDENTIFYING white potion
  1283 | D:2      | 1283 ||| DROPPING potion of degeneration.
  1299 | D:3      | 1299 ||| STAIRDANCE
  1346 | D:3      | Reached XP level 4. HP: 28/28 MP: 4/4
  1365 | D:3      | Reached skill level 1 in Armour
  1389 | D:3      | 1389 ||| FLEEEEING.
  1390 | D:3      | 1390 ||| FLEEEEING.
  1421 | D:3      | 1421 ||| FLEEEEING.
  1422 | D:3      | 1422 ||| FLEEEEING.
  1423 | D:3      | 1423 ||| FLEEEEING.
  1424 | D:3      | 1424 ||| STAIRDANCE
  1640 | D:3      | Noticed Robin
  1646 | D:3      | Reached XP level 5. HP: 32/32 MP: 5/5
  1666 | D:3      | Killed Robin
  1974 | D:3      | Reached skill level 6 in Ranged Weapons
  2038 | D:3      | Noticed qw's ghost (amateur GrHu)
  2040 | D:3      | Found a transporter.
  2040 | D:3      | Noticed an ogre
  2041 | D:3      | Noticed an ogre
  2048 | D:3      | Found a transporter.
  2100 | D:3      | Identified the +2 ring mail "Yliz" {Str+4 Stlth+}
  2167 | D:3      | 2167 ||| UPGRADING to +0 pair of boots.
  2172 | D:3      | 2172 ||| UPGRADING to +2 ring mail "Yliz" {Str+4 Stlth+}.
  2182 | D:3      | 2182 ||| DROPPING +0 ring mail.
  2183 | D:3      | 2183 ||| READING scroll labelled EROPU EFUG.
  2184 | D:3      | 2184 ||| READING scroll labelled XAOHOU HU LAPT.
  2218 | D:4      | 2218 ||| STAIRDANCE
  2248 | D:4      | Found a blossoming altar of Fedhas.
  2260 | D:4      | Reached XP level 6. HP: 38/38 MP: 6/6
  2287 | D:4      | HP: 1/38 [orc priest/divine providence (11)]
  2293 | D:4      | Killed from afar by an orc priest

Levels and vault maps discovered:
D:1:      lightli_arrival_lavapool, layout_rooms
D:2:      layout_rooms, dreamdust_ecumenical_altar_angels_and_demons,
          basic_altar, serial_rivers, chequers_serial_rivers_large_a,
          chequers_serial_rivers_small_a, chequers_serial_rivers_micro_c,
          chequers_serial_rivers_large_b
D:3:      kennysheep_goblin_castle, layout_rooms, gammafunk_ghost_smash
D:4:      layout_rooms, mainiacjoe_overflow_tiny_flanked,
          mainiacjoe_overflow_catwalk, fedhas_altar_fruit_tree,
          serial_park_tiny_1, minmay_door_square, st_stairs_10

Skill      XL: |  1  2  3  4  5 |
---------------+----------------+-----
Ranged Weapons | 5 6 |  6.2
Fighting       | 3 4 |  4.2
Armour         | 1 |  1.0
Dodging        | |  1.5
Stealth        | |  1.1

Action                     |  1- 3 |  4- 6 || total
---------------------------+-------+-------++-------
   Fire: Shortbow          |   146 |   163 ||   309
    Use: Scroll            |     9 |     2 ||    11
 Armour: Leather armour    |    46 |       ||    46
         Ring mail         |     7 |   121 ||   128
  Dodge: Dodged            |    37 |    80 ||   117

Table legend:
 A = Non-vault XP
 B = Vault XP
 C = Vault XP percentage of total XP
 D = Non-vault monster count
 E = Vault monster count
 F = Vault count percentage of total count
                 A         B        C        D         E       F
            +---------+---------+-------+---------+---------+-------
      Total |     287 |      60 |  17.3 |      64 |      22 |  25.6
            +---------+---------+-------+---------+---------+-------
        D:1 |      47 |       0 |   0.0 |      27 |       0 |   0.0
        D:2 |      34 |       0 |   0.0 |      14 |       0 |   0.0
        D:3 |     103 |      58 |  36.0 |      17 |      21 |  55.3
        D:4 |     103 |       2 |   1.9 |       6 |       1 |  14.3
            +---------+---------+-------+---------+---------+-------
